AoeStats
← NoMad311

Arabia

505309824Analyzed
2v2 RM · 24d ago on Sep 8, 2026· 28m 5s· 4 players
Game mode
Random Map
Map size
Medium (4 player)
Population
200
Speed
Normal
Resources
Standard
Victory
Conquest
Starting age
Dark Age
Ending age
Imperial Age
RankedLock teamsTeams togetherTeam positionsShared explorationLock speedFull tech treeHidden civsTurbo modeCheats
Victory
Defeat
🇵🇱 Vietnamese · Poland
764
+10
🇫🇷 Spanish · France
691
+12
🇨🇿 Bohemians · Czechia
613
-11
🇨🇿 Lithuanians · Czechia
610
-11
XenuS_07
10:53 Feudal Age
18:59 Castle Age
18:10 Horse Collar
18:47 Double-Bit Axe
MyR3alName
5:06 Loom
12:50 Feudal Age
14:10 Wheelbarrow
14:36 Double-Bit Axe
18:15 Padded Archer Armor
18:13 Horse Collar
18:38 Fletching
25:40 Castle Age
25:34 Gold Mining
26:45 Crossbowman
Eurojedna
10:08 Loom
11:54 Feudal Age
12:47 Double-Bit Axe
14:00 Wheelbarrow
13:11 Horse Collar
14:02 Town Watch
18:19 Fletching
23:14 Castle Age
24:14 Hand Cart
27:35 Chemistry
30:32 Imperial Age
28:20 Bow Saw
28:12 Heavy Plow
NoMad311
12:27 Feudal Age
14:48 Double-Bit Axe
20:37 Castle Age
19:16 Man-at-Arms
26:19 Horse Collar
Connection lost

Rejoining the realm…

Still unreachable

The connection could not be restored.

Session expired

The server has moved on; the page needs a fresh start.